 Dungeon Crawl Stone Soup version 0.26-a0-971-g1d9d62bb61 (webtiles) character file.

Game seed: 12427208975508329903

48 mg7810 the Skirmisher (level 3, -2/29 HPs)
             Began as a Demonspawn Monk on Dec 4, 2020.
             Slain by Sigmund
             ... wielding a +0 scythe
              (6 damage)
             ... on level 2 of the Dungeon.
             The game lasted 00:06:51 (1580 turns).

mg7810 the Skirmisher (Demonspawn Monk)             Turns: 1580, Time: 00:06:51

Health: -2/29      AC:  6    Str: 12    XL:     3   Next: 50%
Magic:  3/3        EV: 13    Int: 11    God:
Gold:   60         SH:  0    Dex: 15    Spells: 2/2 levels left

rFire    + . .     SeeInvis .   a - +1 hand axe
rCold    + . .     Faith    .   (no shield)
rNeg     . . .     Spirit   .   c - +1 leather armour
rPois    +         Reflect  .   (no helmet)
rElec    +         Harm     .   (no cloak)
rCorr    +         Rampage  .   (no gloves)
MR       .....                  (no boots)
Stlth    ++........             (no amulet)
HPRegen  0.09/turn              (no ring)
MPRegen  0.08/turn              (no ring)

@: resistant
A: slimy green scales 1
a: no special abilities


You were on level 2 of the Dungeon.
You visited 1 branch of the dungeon, and saw 2 of its levels.

You collected 60 gold pieces.

Inventory:

Hand Weapons
 a - a +1 hand axe (weapon)
Missiles
 e - 6 silver javelins
 h - 13 poisoned darts (quivered)
Armour
 b - a +0 robe
 c - a +1 leather armour (worn)
Jewellery
 g - an uncursed amulet of the acrobat {unknown}
 i - an uncursed ring of protection from fire {unknown}
Potions
 d - a potion of resistance


   Skills:
 + Level 3.4 Fighting
 + Level 3.3 Axes
 * Level 0.2 Throwing
 + Level 3.0 Dodging
 + Level 2.1 Stealth


You had 2 spell levels left.
You didn't know any spells.
Your spell library was empty.

Dungeon Overview and Level Annotations

Branches:
Dungeon (2/15)

Altars:

Annotations:
D:2 Sigmund


Innate Abilities, Weirdness & Mutations

You are partially covered in slimy green scales. (AC +2)


Message History

Something hits you!
You aren't carrying any scrolls.
You feel better.
You hear some strange, mumbled words.
A puff of flame appears from out of thin air!
The puff of flame misses you.
You miss something. Something hits you.
You miss something. Something barely misses you.
You hit something. You hit something but do no damage.
Something hits you but does no damage.
You hit something. Something hits you but does no damage.
You closely miss something. Something hits you!
* * * LOW HITPOINT WARNING * * *
Throw: 14 darts (poison)
Press: ? - help, Q - select action, (/) - cycle Shift-Dir - straight line You throw a poisoned dart.
You barely miss something.
Sigmund appears from thin air!
Reactivating autopickup.
Sigmund hits you with a +0 scythe.
You die...

####.#### ###.
#.......####...
###.........##.#. ##+#
#.......).#.##.## #...#
#.#.##..#.#.##.# ....$#
#.#.###.#.#.##.## ......#
#.#.#...#.#.##.##
.......###.....###.#.##.#.
(.(....)@@.......†........
.......###.........#..#...
......# ###.........#.#.#
..$..# ###.########..#
#...# #.# ##.# ##+# #.#
#.# .# #.# #.#


You could see Sigmund.

Vanquished Creatures
  A worm (D:2)
  4 leopard geckos
  A giant cockroach (D:1)
  12 hobgoblins
  6 kobolds
  A ball python (D:1)
  3 bats
  A frilled lizard (D:1)
  5 goblins (D:1)
  4 rats
38 creatures vanquished.

Notes
Turn   | Place    | Note
-------+----------+-------------------------------------------
     0 | D:1      | mg7810 the Demonspawn Monk began the quest for the Orb.
     0 | D:1      | Reached XP level 1. HP: 18/18 MP: 1/1
   327 | D:1      | Gained mutation: You are partially covered in slimy green
                  | scales. (AC +2) [demonic ancestry]
   327 | D:1      | Reached XP level 2. HP: 22/24 MP: 2/2
   848 | D:1      | Reached XP level 3. HP: 27/29 MP: 3/3
  1551 | D:2      | Noticed Sigmund
  1580 | D:2      | Slain by Sigmund

Illustrated notes

Levels and vault maps discovered:
D:1:      giann_horns, layout_basic
D:2:      layout_loops_corners, tgw_trog, nicolae_overflow_hidden_temple,
          nemelex_lonely_heart_becter, uniq_sigmund

Skill      XL: |  1  2 |
---------------+-------+-----
Axes           | 3 |  3.3
Stealth        | 2 |  2.1
Dodging        | 3 |  3.0
Fighting       | |  3.4
Throwing       | |  0.2

Action                   || total
-------------------------++-------
Melee: Hand axe          ||   115
Throw: Dart              ||     3
  Use: Scroll            ||     5
       Potion            ||     3
 Stab: Sleeping          ||     4
Armor: Robe              ||    16
       Leather armour    ||    17
Dodge: Dodged            ||    88

Table legend: (Time is in decaauts)
 A = Elapsed time spent in this place.
 B = Non-inter-level travel time spent in this place.
 C = Inter-level travel time spent in this place.
 D = Time resting spent in this place.
 E = Time spent auto-exploring this place.
 F = Levels seen in this place.
 G = Mean time per level.
                   A        B        C        D        E       F      G
               +--------+--------+--------+--------+--------+-----+--------+
         Total |   1597 |   1452 |    145 |      0 |   1075 |   2 |  798.5 |
       Dungeon |   1597 |   1452 |    145 |      0 |   1075 |   2 |  798.5 |
               +--------+--------+--------+--------+--------+-----+--------+

Top non-repeatable levels by time:
     D:1: 1266 daAuts
     D:2: 330 daAuts
